 Dungeon Crawl Stone Soup version 0.30-a0-374-g95c0257040 (webtiles) character file.

Game seed: 9322909699654742067

3467 Uniporpoise the Sneak (level 9, -2/65 HPs)
             Began as a Demonspawn Enchanter on Nov 26, 2022.
             Was a Follower of Makhleb.
             Collided with a rock wall (13 damage)
             ... caused by Erica
             ... on level 9 of the Dungeon.
             The game lasted 00:19:19 (8628 turns).

Uniporpoise the Sneak (Demonspawn Enchanter)        Turns: 8628, Time: 00:19:22

Health: -2/65      AC: 13    Str:  8    XL:     9   Next: 78%
Magic:  1/15       EV: 12    Int: 19    God:    Makhleb [*.....]
Gold:   182        SH:  0    Dex: 16    Spells: 5/16 levels left

rFire   + . .      SeeInvis .    I - +2 dagger (vamp)
rCold   . . .      Faith    .    (no shield)
rNeg    . . .      Spirit   .    F - +3 leather armour {rF+}
rPois   +          Reflect  .    (helmet restricted)
rElec   .          Harm     .    g - +2 cloak
rCorr   .          Rampage  .    (gloves unavailable)
Will    .....                    (no boots)
Stlth   +++.......               (no amulet)
HPRegen 0.30/turn                m - +4 ring of protection
MPRegen 0.14/turn                H - ring of poison resistance

@: slowed, very slow
A: horns 2, foul stench 2, demonic touch 3
a: Renounce Religion


You were on level 9 of the Dungeon.
You worshipped Makhleb.
Makhleb was aware of your devotion.
You visited 2 branches of the dungeon, and saw 10 of its levels.

You collected 461 gold pieces.
You spent 279 gold pieces at shops.

Inventory:

Hand Weapons
 I - a +2 vampiric dagger (weapon)
Armour
 a - a +0 kite shield
 b - a +0 robe
 g - a +2 cloak (worn)
 F - a +3 leather armour of fire resistance (worn)
Magical Staves
 l - a staff of conjuration
Jewellery
 m - a +4 ring of protection (left hand)
 v - a ring of fire
 z - the amulet of Elemental Vulnerability {rPois rF-- rC-- AC+8}
   (You found it on level 3 of the Dungeon)

   [amulet of nothing]

   AC:        It affects your AC (+8).
   rF:        It makes you very vulnerable to fire.
   rC:        It makes you very vulnerable to cold.
   rPois:     It protects you from poison.
 H - a ring of poison resistance (right hand)
Wands
 p - a wand of iceblast (21)
 E - a wand of polymorph (17)
Scrolls
 c - a scroll of enchant weapon {unknown}
 d - a scroll of silence
 f - 2 scrolls of magic mapping
 h - 3 scrolls of teleportation
 k - 5 scrolls of blinking {unknown}
 n - 3 scrolls of amnesia
 r - 2 scrolls of poison
 s - a scroll of fear {unknown}
 w - 4 scrolls of fog {unknown}
 x - a scroll of summoning {unknown}
 y - 2 scrolls of noise {unknown}
 C - 2 scrolls of enchant armour
 D - a scroll of acquirement {unknown}
 G - a scroll of immolation {unknown}
 J - a scroll of vulnerability {unknown}
Potions
 e - 2 potions of resistance {unknown}
 i - 4 potions of curing
 j - a potion of degeneration {unknown}
 o - 4 potions of heal wounds
 q - 2 potions of mutation {unknown}
 t - 2 potions of flight {unknown}
 u - 2 potions of magic {unknown}
 A - 2 potions of ambrosia {unknown}
 B - 2 potions of haste {unknown}


   Skills:
 + Level 3.9 Fighting
 * Level 5.6 Short Blades
 - Level 1.0 Staves
 + Level 3.0 Armour
 - Level 3.2 Dodging
 * Level 6.7 Stealth
 + Level 1.1 Shields
 + Level 4.3 Spellcasting
 * Level 6.5 Hexes
 - Level 3.2 Ice Magic
 + Level 2.0 Air Magic


You had 5 spell levels left.
You knew the following spells:

 Your Spells              Type           Power      Damage    Failure   Level
a - Ensorcelled Hibernat  Hex/Ice        44%        N/A       3%          2
b - Confusing Touch       Hex            29%        N/A       3%          3
c - Swiftness             Air            12%        N/A       24%         3
d - Tukima's Dance        Hex            29%        N/A       3%          3

Your spell library contained the following spells:

 Spells                   Type           Power      Damage    Failure   Level
 Dazzling Flash           Conj/Hex       32%        N/A       14%         3
 Inner Flame              Hex/Fire       16%        N/A       14%         3
 Passwall                 Tmut/Erth      3%         N/A       28%         2
 Gell's Gravitas          Tloc           4%         N/A       50%         3
 Teleport Other           Tloc           4%         N/A       50%         3
 Flame Wave               Conj/Fire      4%         2d5       88%         4
 Sticky Flame             Conj/Fire      4%         2d3       88%         4
 Iskenderun's Battlesphe  Conj           4%         2d6       99%         5
 Dispersal                Tloc           2%         N/A       100%        6
 Iron Shot                Conj/Erth      2%         9d2       100%        6
 Spellforged Servitor     Conj/Summ      2%         N/A       100%        7


Dungeon Overview and Level Annotations

Branches:
Dungeon (9/15)             Temple (1/1) D:6
   Lair: D:8-11         Orc: D:9-12

Altars:
Ashenzari
Cheibriados
Dithmenos
Fedhas
Gozag
Hepliaklqana
Kikubaaqudgha
Makhleb
Nemelex Xobeh
Okawaru
Qazlal
Ru
Sif Muna
Trog
Uskayaw
Vehumet
Wu Jian
Xom
Yredelemnul

Shops:
D:4 !   D:5 *

Annotations:
D:9 Erica


Innate Abilities, Weirdness & Mutations

You have a pair of horns on your head.
You sometimes emit foul miasma when damaged in melee.
Your touch may irresistibly damage your foes and sap their willpower.


Message History

Casting: Ensorcelled Hibernation (safe; 3% risk of failure)
Confirm with . or Enter, or press ? or * to list all spells.
Aiming: Ensorcelled Hibernation (safe; 3% risk of failure)
Press: ? - help, Shift-Dir - straight line, f/p - Erica
Aim: Erica, wielding a +3 scimitar of flaming and wearing a +2 robe (chance to affect: 21%) Erica resists with almost no effort.
Erica hits you with a +3 scimitar of flaming!
Erica burns you.
You emit a cloud of foul miasma!
Erica is engulfed in dark miasma.
Erica is poisoned.
Erica seems to slow down.
Erica hits you with a +3 scimitar of flaming!
Casting: Ensorcelled Hibernation (safe; 3% risk of failure)
Confirm with . or Enter, or press ? or * to list all spells.
Aiming: Ensorcelled Hibernation (safe; 3% risk of failure)
Press: ? - help, Shift-Dir - straight line, f/p - Erica
Aim: Erica, wielding a +3 scimitar of flaming and wearing a +2 robe (foul pestilence, poisoned, slow, chance to affect: 21%) Erica resists with almost no effort.
Erica is no longer moving slowly.
Erica is engulfed in dark miasma.
Erica looks even sicker.
Erica misses you.
Unknown command.
You hit Erica but do no damage. You headbutt Erica, but do no damage.
You touch Erica!
You sap her willpower!
Erica is moderately wounded.
Erica is engulfed in dark miasma.
Erica looks even sicker.
Erica closely misses you.
You hit Erica but do no damage.
Erica is heavily wounded.
Erica is engulfed in dark miasma.
Erica looks as sick as possible!
Erica hits you but does no damage.
You barely miss Erica. You headbutt Erica! Your touch misses Erica.
Erica is severely wounded.
Erica is engulfed in dark miasma.
Erica looks as sick as possible!
Erica points at you and mumbles some strange words.
You resist with significant effort.
You hit Erica but do no damage.
Erica is almost dead.
Erica casts a spell at you. The lance of force hits you!!
* * * LOW HITPOINT WARNING * * *
You are knocked back by the lance of force.
You slam into the rock wall!
You die...

###. .. .# #.#
#.#.# ....#.#.#
.......c.
#.<#...#
##.#.#.#.#
#......#
......... ..#...#
##.#.#.#.# ..#@.#
#.<)...... #.#.##
##.#.#.#.#
#.#.####.........
#..@..###.#.#.#.#
#####..).........
###.#.#.#.#.#
#...##### # #####


You could see Erica (extremely poisoned, weak-willed).

Vanquished Creatures
  Grinder (D:4)
  A hornet (D:8)
  Eustachio (D:5)
  4 water moccasins
  2 orc warriors
  An ice beast (D:7)
  2 sky beasts
  A black bear (D:6)
  2 centaurs
  An ogre (D:5)
  A phantom (D:6)
  A kobold brigand (D:7)
  2 bullfrogs
  5 necrophages
  A gnoll sergeant (D:8)
  A scorpion (D:6)
  4 wights
  A howler monkey (D:3)
  2 orc priests
  2 hounds (D:6)
  5 jellies
  Crazy Yiuf (D:2)
  3 iguanas
  4 orc wizards
  Robin (D:4)
  7 adders
  9 gnolls
  2 shadow imps
  2 white imps
  2 ufetubi
  2 worms
  3 dart slugs
  19 orcs
  7 endoplasms
  3 giant cockroaches
  9 goblins
  8 hobgoblins
  8 jackals
  10 kobolds
  4 quokkas
  5 ball pythons
  A bat (D:2)
  A frilled lizard (D:3)
  2 rats (D:2)
154 creatures vanquished.

Vanquished Creatures (others)
  An orc wizard (D:6)
  A plant (D:6)
2 creatures vanquished.

Grand Total: 156 creatures vanquished

Notes
Turn   | Place    | Note
-------+----------+-------------------------------------------
     0 | D:1      | Uniporpoise the Demonspawn Enchanter began the quest for
                  | the Orb.
     0 | D:1      | Reached XP level 1. HP: 13/13 MP: 3/3
   245 | D:1      | Reached skill level 1 in Short Blades
   511 | D:1      | Discovered your monstrous ancestry.
   511 | D:1      | Gained mutation: You have a pair of small horns on your
                  | head. [demonic ancestry]
   511 | D:1      | Reached XP level 2. HP: 10/19 MP: 5/5
   570 | D:1      | Learned a level 2 spell: Ensorcelled Hibernation
  1002 | D:2      | Found a shimmering altar of Xom.
  1184 | D:2      | Gained mutation: You may rarely emit foul miasma when
                  | damaged in melee. [demonic ancestry]
  1184 | D:2      | Reached XP level 3. HP: 23/25 MP: 1/6
  1432 | D:2      | Found a runed translucent door.
  1433 | D:2      | Noticed Crazy Yiuf
  1761 | D:2      | Killed Crazy Yiuf
  1895 | D:2      | Learned a level 3 spell: Confusing Touch
  1906 | D:3      | Gained mutation: Your touch may inflict minor irresistible
                  | damage on your foes. [demonic ancestry]
  1906 | D:3      | Reached XP level 4. HP: 31/31 MP: 4/7
  2001 | D:3      | Reached skill level 1 in Fighting
  2205 | D:3      | Found an ornate altar of the Wu Jian Council.
  2205 | D:3      | Found an ancient bone altar of Kikubaaqudgha.
  2211 | D:3      | Found a shimmering blue altar of Sif Muna.
  2437 | D:3      | Found the amulet of Elemental Vulnerability {rPois rF--
                  | rC-- AC+8}
  2765 | D:3      | Reached XP level 5. HP: 37/37 MP: 3/8
  2947 | D:3      | Reached skill level 1 in Ice Magic
  3145 | D:4      | Found Qytoof's Distillery.
  3156 | D:4      | Bought a potion of curing for 39 gold pieces
  3307 | D:4      | Noticed Grinder
  3324 | D:4      | Killed Grinder
  3325 | D:4      | Gained mutation: You sometimes emit foul miasma when
                  | damaged in melee. [demonic ancestry]
  3325 | D:4      | Reached XP level 6. HP: 20/44 MP: 8/10
  3661 | D:4      | Noticed Robin
  3691 | D:4      | Killed Robin
  4039 | D:5      | Entered Level 5 of the Dungeon
  4083 | D:5      | Gained mutation: You have a pair of horns on your head.
                  | [demonic ancestry]
  4083 | D:5      | Reached XP level 7. HP: 46/49 MP: 1/11
  4251 | D:5      | Found a snail-covered altar of Cheibriados.
  4288 | D:5      | Reached skill level 1 in Staves
  4459 | D:5      | Noticed Eustachio
  4585 | D:5      | Killed Eustachio
  5130 | D:5      | Found Pixenaz's Serpentskin Sales.
  5141 | D:5      | Reached skill level 1 in Armour
  5143 | D:5      | Gained mutation: Your touch may inflict irresistible damage
                  | on your foes. [demonic ancestry]
  5143 | D:5      | Reached XP level 8. HP: 57/57 MP: 5/12
  5146 | D:5      | Bought a ring of poison resistance for 240 gold pieces
  5507 | D:6      | Reached skill level 5 in Stealth
  5551 | D:6      | Reached skill level 5 in Hexes
  5656 | D:6      | Found a staircase to the Ecumenical Temple.
  5673 | Temple   | Entered the Ecumenical Temple
  5881 | Temple   | Became a worshipper of Makhleb the Destroyer
  5944 | D:6      | Learned a level 3 spell: Swiftness
  6651 | D:6      | Found a hide-covered altar of Uskayaw.
  6872 | D:7      | Gained mutation: Your touch may irresistibly damage your
                  | foes and sap their willpower. [demonic ancestry]
  6872 | D:7      | Reached XP level 9. HP: 64/64 MP: 14/14
  6964 | D:7      | Reached skill level 1 in Air Magic
  7141 | D:7      | Reached * piety under Makhleb
  7142 | D:7      | Reached skill level 5 in Short Blades
  7220 | D:7      | Identified the +3 pair of boots of Cytuu {*Slow Will+ Str+3
                  | Dex+9}
  7878 | D:8      | Identified the +7 falchion of the Dancing Puffin {drain,
                  | rPois}
  8284 | D:8      | Reached skill level 1 in Shields
  8299 | D:8      | Learned a level 3 spell: Tukima's Dance
  8615 | D:9      | Noticed Erica
  8628 | D:9      | Collided with a rock wall

Illustrated notes

Levels and vault maps discovered:
D:1:      scummos_arrival_checkerplants, layout_basic
D:2:      layout_loops_ring, basic_altar, uniq_crazy_yiuf_cottage
D:3:      layout_basic, minitemple, nicolae_kite_square_tiling_tiny
D:4:      layout_basic, serial_shops, nicolae_stop_n_shop_1,
          minmay_increasing_density, uniq_robin, uniq_grinder
D:5:      layout_loops_ring, old_standard_altar, guppyfry_shop_venom,
          uniq_eustachio
D:6:      layout_basic, mainiacjoe_overflow_alcove_2,
          minmay_temple_entry_statues_fountains, corexii_shack
D:7:      layout_loops_ring, nicolae_fountain_basement
D:8:      layout_loops_ring
D:9:      layout_rooms, erik_lair_island, st_stairs_11,
          minmay_chambers_of_fives, uniq_erica
Temple:   bh_familiar_temple

Skill      XL: |  1  2  3  4  5  6  7  8  9 |
---------------+----------------------------+-----
Short Blades   | 1 2 3 4 5 |  5.6
Stealth        | 3 4 5 6 |  6.7
Dodging        | 2 3 |  3.2
Fighting       | 1 2 3 |  3.9
Ice Magic      | 1 2 3 |  3.2
Hexes          | 4 5 6 |  6.5
Staves         | 1 |  1.0
Spellcasting   | 3 4 |  4.3
Armour         | 1 2 3 |  3.0
Air Magic      | 2 |  2.0
Shields        | 1 |  1.1

Action                   |  1- 3 |  4- 6 |  7- 9 || total
-------------------------+-------+-------+-------++-------
Melee: Dagger            |   100 |    95 |   221 ||   416
       Headbutt          |    11 |    19 |    64 ||    94
       Touch             |       |    15 |    44 ||    59
       Punch             |       |     2 |     1 ||     3
 Cast: Ensorcelled Hiber |     8 |    28 |    58 ||    94
       Confusing Touch   |       |     3 |    16 ||    19
  Use: Potion            |     1 |     1 |       ||     2
       Scroll            |       |     4 |     2 ||     6
 Stab: Sleeping          |    10 |    21 |    28 ||    59
       Invisible         |       |     1 |       ||     1
       Confused          |       |       |     4 ||     4
Armor: Robe              |    35 |    24 |    21 ||    80
       Leather armour    |       |       |    63 ||    63
Dodge: Dodged            |    53 |    56 |   105 ||   214

Table legend: (Time is in decaauts)
 A = Elapsed time spent in this place.
 B = Non-inter-level travel time spent in this place.
 C = Inter-level travel time spent in this place.
 D = Time resting spent in this place.
 E = Time spent auto-exploring this place.
 F = Levels seen in this place.
 G = Mean time per level.
                   A        B        C        D        E       F      G
               +--------+--------+--------+--------+--------+-----+--------+
         Total |   8562 |   8187 |    375 |    453 |   6029 |  10 |  856.2 |
       Dungeon |   8327 |   7987 |    340 |    453 |   5836 |   9 |  925.2 |
        Temple |    234 |    199 |     35 |      0 |    193 |   1 |  234.0 |
               +--------+--------+--------+--------+--------+-----+--------+

Top non-repeatable levels by time:
     D:5: 1362 daAuts
     D:3: 1252 daAuts
     D:6: 1128 daAuts
     D:2: 1041 daAuts
     D:4: 920 daAuts
     D:8: 860 daAuts
     D:7: 857 daAuts
     D:1: 834 daAuts
  Temple: 234 daAuts
     D:9: 68 daAuts
